cohdb
Replays
Latest Replays
All Replays
Popular Replays
Top Player Replays
Match Explorer
How It Works
Community
CoH3 Stats
Reddit
Sign in to upload your games and track your stats! →
Sign in with Steam
Match 43285036
Unlisted
Match 43285036
Overview
Messages
Build Orders
End
Kradschützen Motorcycle Team
Selects Panzerjäger Kommand Battlegroup
Selects Mine Fields
Panzerpioneer Squad
250 Light Carrier
Construct Light Support Kompanie
Construct Light Support Kompanie
Panzerjäger Squad
Fire Support Elements
Selects GrB 39 Grenade Launcher Requisition
Flakvierling Half-track
Panzerjäger Mechanized Group
Vehicle Survival Package
2.5-tonne Medical Truck
Assault Grenadier Squad
Selects Early Warning
Selects Butterfly Bomb Drop
Butterfly Bomb Drop
Construct Panzerarmee Kommand
Assault Mechanized Group
MG34 Team
jessyjames
aukim4897
Naka ngiti yang Guastatori_TVV
Juicy Jucci
Karl123
Agua de Jamaica
Joker
jhc0928d
0
0
Comments
sign in to comment!
No comments posted yet!